 Dungeon Crawl Stone Soup version 0.30-a0-263-ge22c4ad894 (webtiles) character file.

Game seed: 8910239214953245106

14 koil the Sneak (level 2, -12/13 HPs)
             Began as a Spriggan Enchanter on Oct 14, 2022.
             Mangled by a kobold
             ... wielding a +2 whip of electrocution
              (20 damage)
             ... on level 1 of the Dungeon.
             The game lasted 00:01:53 (455 turns).

koil the Sneak (Spriggan Enchanter)                  Turns: 455, Time: 00:01:54

Health: -12/13     AC:  2    Str:  4    XL:     2   Next: 31%
Magic:  6/6        EV: 17    Int: 16    God:
Gold:   33         SH:  0    Dex: 15    Spells: 3/6 levels left

rFire   . . .      SeeInvis +    f - +1 dagger (vamp)
rCold   . . .      Faith    .    (no shield)
rNeg    . . .      Spirit   .    b - +0 robe
rPois   .          Reflect  .    (helmet restricted)
rElec   .          Harm     .    (no cloak)
rCorr   .          Rampage  .    (gloves unavailable)
Will    .....                    (boots unavailable)
Stlth   +++.......               (no amulet)
HPRegen 0.22/turn                (no ring)
MPRegen 0.10/turn                (no ring)

@: very quick
A: very small, no large weapons, unfitting armour, see invisible, speed 3
a: no special abilities


You were on level 1 of the Dungeon.
You visited 1 branch of the dungeon, and saw 1 of its levels.

You collected 33 gold pieces.

Inventory:

Hand Weapons
 a - a +1 dagger
 f - a +1 vampiric dagger (weapon)
Armour
 b - a +0 robe (worn)
Scrolls
 d - 2 scrolls of identify {unknown}
 h - a scroll of magic mapping {unknown}
Potions
 c - 2 potions of invisibility
 e - 3 potions of curing {unknown}
 g - a potion of ambrosia {unknown}


   Skills:
 + Level 0.2 Fighting
 + Level 1.3 Short Blades
 + Level 3.0 Dodging
 + Level 4.6 Stealth
 + Level 2.9 Spellcasting
 + Level 3.8 Hexes
 + Level 0.2 Poison Magic


You had 3 spell levels left.
You knew the following spells:

 Your Spells              Type           Power      Damage    Failure   Level
a - Ensorcelled Hibernat  Hex/Ice        16%        N/A       13%         2
b - Sting                 Tmut/Pois      8%         1d3       19%         1

Your spell library contained the following spells:

 Spells                   Type           Power      Damage    Failure   Level
 Confusing Touch          Hex            14%        N/A       12%         3
 Tukima's Dance           Hex            14%        N/A       12%         3
 Poisonous Vapours        Pois/Air       4%         N/A       26%         2
 Dazzling Flash           Conj/Hex       16%        N/A       26%         3
 Olgreb's Toxic Radiance  Pois           3%         N/A       86%         4


Dungeon Overview and Level Annotations

Branches:
Dungeon (1/15)

Altars:


Innate Abilities, Weirdness & Mutations

You are very small and have problems with some larger weapons.
You are too small for most types of armour.
You have supernaturally acute eyesight. (SInv)
You cover ground extremely quickly. (Speed+++)


Message History

An endoplasm comes into view.
The endoplasm quivers.
You hit the endoplasm.
The endoplasm is heavily wounded.
The endoplasm barely misses you.
You hit the endoplasm.
The endoplasm is severely wounded.
The endoplasm completely misses you.
You hit the endoplasm but do no damage.
The endoplasm is severely wounded.
The endoplasm closely misses you.
You hit the endoplasm.
You kill the endoplasm!
No target in view!
No target in view!
h - a scroll labelled NIECETSUCU You open the door.
There is an open door here.
You now have 27 gold pieces (gained 2).
A rat comes into view.
A rat is nearby!
You hit the rat.
The rat is moderately wounded.
The rat bites you.
You hit the rat.
You feel better.
You kill the rat!
No target in view!
You now have 33 gold pieces (gained 6).
Found a stone staircase leading down.
Found a faded altar of an unknown god.
There is a faded altar of an unknown god here.
A kobold comes into view.
It is wielding a +2 whip of electrocution.
Found 11 gold pieces.
You hit the kobold but do no damage. The kobold barely misses you.
You hit the kobold.
The kobold is moderately wounded.
The kobold hits you with a +2 whip of electrocution.
You are electrocuted!!
Ouch! That really hurt!
You die...

#### ...#### ##########
##....# #........#####
......# #............#
......# #.....$......#
......# #............#
......# #............#
......# #............#
......# #.....K@.....#
##....# #.........#.######.
##....####..................
.#.......####+##.###.########
..................(.....>....
.................###.###.####
.###.....#..###..###.# #.#
...................#.# #.#
.##........#.....#.#_###.###


You could see a kobold.

Vanquished Creatures
  A dart slug (D:1)
  A ball python (D:1)
  A bat (D:1)
  4 endoplasms (D:1)
  2 quokkas (D:1)
  A rat (D:1)
10 creatures vanquished.

Notes
Turn   | Place    | Note
-------+----------+-------------------------------------------
     0 | D:1      | koil the Spriggan Enchanter began the quest for the Orb.
     0 | D:1      | Reached XP level 1. HP: 9/9 MP: 5/5
   276 | D:1      | Reached XP level 2. HP: 13/13 MP: 6/6
   279 | D:1      | Learned a level 2 spell: Ensorcelled Hibernation
   281 | D:1      | Learned a level 1 spell: Sting
   435 | D:1      | Found a faded altar of an unknown god.
   455 | D:1      | Mangled by a kobold

Illustrated notes

Levels and vault maps discovered:
D:1:      minmay_arrival_semitransparent, layout_basic, basic_ecumenical_altar

Skill      XL: |  1  2 |
---------------+-------+-----
Dodging        | 3 |  3.0
Fighting       | |  0.2
Short Blades   | |  1.3
Stealth        | |  4.6
Spellcasting   | |  2.9
Hexes          | |  3.8
Poison Magic   | |  0.2

Action                   || total
-------------------------++-------
Melee: Dagger            ||    44
 Stab: Sleeping          ||     2
Armor: Robe              ||     1
Dodge: Dodged            ||    29

Table legend: (Time is in decaauts)
 A = Elapsed time spent in this place.
 B = Non-inter-level travel time spent in this place.
 C = Inter-level travel time spent in this place.
 D = Time resting spent in this place.
 E = Time spent auto-exploring this place.
 F = Levels seen in this place.
 G = Mean time per level.
                   A        B        C        D        E       F      G
               +--------+--------+--------+--------+--------+-----+--------+
         Total |    308 |    308 |      0 |     16 |    209 |   1 |  308.0 |
       Dungeon |    308 |    308 |      0 |     16 |    209 |   1 |  308.0 |
               +--------+--------+--------+--------+--------+-----+--------+

Top non-repeatable levels by time:
     D:1: 308 daAuts
